PA-
QUEBEC CITY BABY BLUES @ HUDSONVILLE FLANDERSES
08/19/2048
 
TOP OF THE 1ST
Quebec City Baby Blues batting - Pitching for Hudsonville Flanderses : RHP Morgan Cartier
Pitching: RHP Morgan Cartier
Batting: LHB Hernando Martínez 0-0: Called Strike
0-1: Swinging Strike
0-2: Ball
1-2: Ball
2-2: Ball
3-2: Foul Ball, location: 2F
3-2: Fly out, F8 (Flyball, 8LD, EV 98.8 MPH)
Batting: RHB Mibre Chipley 0-0: Swinging Strike
0-1: Called Strike
0-2: SINGLE (Groundball, 56D, EV 96.9 MPH)
Batting: LHB Sasha Mamchenko 0-0: Ball
1-0: Swinging Strike
1-1: Ball
2-1: Fly out, F9 (Flyball, 9S, EV 85.0 MPH)
Batting: RHB Darren Overton 0-0: DOUBLE (Line Drive, 9LM, EV 108.1 MPH)
Mibre Chipley to third
Runner from 3rd tries for Home, SAFE, throw by RF to home
Batting: RHB Iván Vega 0-0: Foul Ball, location: 2F
0-1: Swinging Strike
0-2: Foul Ball, location: 2F
0-2: Strikes out swinging
Top of the 1st over - 1 run, 2 hits, 0 errors, 1 left on base; Quebec City 1 - Hudsonville 0
BOTTOM OF THE 1ST
Hudsonville Flanderses batting - Pitching for Quebec City Baby Blues : RHP Jim McKee
Pitching: RHP Jim McKee
Batting: LHB Andrew Brown 0-0: Ball
1-0: Called Strike
1-1: Fly out, F8 (Flyball, 78XD, EV 98.1 MPH)
Batting: LHB Ricardo Montalbán 0-0: Ball
1-0: Fly out, F7 (Flyball, 78S, EV 89.4 MPH)
Batting: RHB Norberto Álvarez 0-0: Called Strike
0-1: Foul Ball, location: 2F
0-2: Foul Ball, location: 2F
0-2: Ball
1-2: Strikes out swinging
Bottom of the 1st over - 0 runs, 0 hits, 0 errors, 0 left on base; Quebec City 1 - Hudsonville 0
TOP OF THE 2ND
Quebec City Baby Blues batting - Pitching for Hudsonville Flanderses : RHP Morgan Cartier
Batting: RHB John Harris 0-0: Fly out, F8 (Flyball, 8RM, EV 93.1 MPH)
Batting: RHB Tim Barrett 0-0: Called Strike
0-1: DOUBLE (Groundball, 5L, EV 104.4 MPH)
Batting: RHB Dong-hua Gan 0-0: 2-RUN HOME RUN (Flyball, 7D, EV 98.1 MPH), Distance : 409 ft
Batting: RHB António López 0-0: Called Strike
0-1: Swinging Strike
0-2: Ball
1-2: Ball
2-2: Ball
3-2: Strikes out swinging
Batting: LHB Hernando Martínez 0-0: Called Strike
0-1: Swinging Strike
0-2: Fly out, F8 (Flyball, 8LD, EV 85.0 MPH)
Top of the 2nd over - 2 runs, 2 hits, 0 errors, 0 left on base; Quebec City 3 - Hudsonville 0
BOTTOM OF THE 2ND
Hudsonville Flanderses batting - Pitching for Quebec City Baby Blues : RHP Jim McKee
Batting: RHB Armando Alonso 0-0: Foul Ball, location: 2F
0-1: Ball
1-1: Foul Ball, location: 2F
1-2: Fly out, F4 (Flyball, 4D, EV 87.5 MPH)
Batting: LHB Francisco León 0-0: Called Strike
0-1: Ball
1-1: Foul Ball, location: 2F
1-2: Ball
2-2: Foul Ball, location: 2F
2-2: Fly out, F9 (Flyball, 9S, EV 91.9 MPH)
Batting: RHB Jen-ta Wu 0-0: SINGLE (Popup, 4D, EV 46.9 MPH)
Batting: RHB Ismael Mongelos 0-0: Called Strike
0-1: Swinging Strike
0-2: Ball
1-2: Foul Ball, location: 2F
1-2: Fly out, F3 (Popup, 23F, EV 90.0 MPH)
Bottom of the 2nd over - 0 runs, 1 hit, 0 errors, 1 left on base; Quebec City 3 - Hudsonville 0
TOP OF THE 3RD
Quebec City Baby Blues batting - Pitching for Hudsonville Flanderses : RHP Morgan Cartier
Batting: RHB Mibre Chipley 0-0: Ball
1-0: Ball
2-0: Called Strike
2-1: Ground out 5-3 (Groundball, 56S, EV 71.9 MPH)
Batting: LHB Sasha Mamchenko 0-0: Ground out 4-3 (Groundball, 4, EV 85.6 MPH)
Batting: RHB Darren Overton 0-0: Ball
1-0: Called Strike
1-1: Ball
2-1: Called Strike
2-2: Foul Ball, location: 2F
2-2: Foul Ball, location: 2F
2-2: Foul Ball, location: 2F
2-2: Foul Ball, location: 2F
2-2: Foul Ball, location: 2F
2-2: Foul Ball, location: 2F
2-2: Ground out 1-3 (Groundball, 34S, EV 65.6 MPH)
Top of the 3rd over - 0 runs, 0 hits, 0 errors, 0 left on base; Quebec City 3 - Hudsonville 0
BOTTOM OF THE 3RD
Hudsonville Flanderses batting - Pitching for Quebec City Baby Blues : RHP Jim McKee
Batting: LHB Michael Gibson 0-0: Ball
1-0: SINGLE (Line Drive, 89M, EV 100.6 MPH)
Batting: RHB António Morales 0-0: Called Strike
0-1: Ball
1-1: Foul Ball, location: 2F
1-2: Foul Ball, location: 2F
1-2: Foul Ball, location: 2F
1-2: Foul Ball, location: 2F
1-2: Fielders Choice at 2nd, 6-4 (Groundball, 56, EV 83.1 MPH)
Now at 2B: Mibre Chipley
Now at SS: Nathan Wilson
Batting: LHB Andrew Brown 0-0: Foul Ball, location: 2F
0-1: Ball
1-1: Ball
2-1: Foul Ball, location: 2F
2-2: Strikes out looking
Batting: LHB Ricardo Montalbán 0-0: Ball
1-0: Called Strike
1-1: Ball
2-1: Ground out 5-3 (Groundball, 56S, EV 72.5 MPH)
Bottom of the 3rd over - 0 runs, 1 hit, 0 errors, 1 left on base; Quebec City 3 - Hudsonville 0
TOP OF THE 4TH
Quebec City Baby Blues batting - Pitching for Hudsonville Flanderses : RHP Morgan Cartier
Batting: RHB Iván Vega 0-0: Called Strike
0-1: Called Strike
0-2: Ball
1-2: Strikes out swinging, 2-3 out at first.
Batting: RHB John Harris 0-0: Ball
1-0: Ball
2-0: Called Strike
2-1: Swinging Strike
2-2: Strikes out swinging
Batting: RHB Tim Barrett 0-0: Foul Ball, location: 2F
0-1: Ball
1-1: Ball
2-1: SINGLE (Groundball, 6S, EV 63.1 MPH) (infield hit)
Batting: RHB Dong-hua Gan 0-0: Ball
1-0: Foul Ball, location: 2F
1-1: Ball
2-1: Called Strike
Tim Barrett steals 2nd base
2-2: SINGLE (Groundball, 25, EV 68.8 MPH) (infield hit)
Tim Barrett to third
Batting: RHB António López 0-0: Swinging Strike
0-1: Fielders Choice at 2nd, 6-4 (Groundball, 6, EV 90.0 MPH)
Top of the 4th over - 0 runs, 2 hits, 0 errors, 2 left on base; Quebec City 3 - Hudsonville 0
BOTTOM OF THE 4TH
Hudsonville Flanderses batting - Pitching for Quebec City Baby Blues : RHP Jim McKee
Batting: RHB Norberto Álvarez 0-0: Called Strike
0-1: Foul Ball, location: 2F
0-2: Foul Ball, location: 2F
0-2: SOLO HOME RUN (Flyball, 7D, EV 96.2 MPH), Distance : 400 ft
Batting: RHB Armando Alonso 0-0: Ground out 4-3 (Groundball, 4S, EV 76.2 MPH)
Batting: LHB Francisco León 0-0: Called Strike
0-1: Swinging Strike
0-2: Ball
1-2: SINGLE (Groundball, 3D, EV 103.1 MPH)
Batting: RHB Jen-ta Wu 0-0: SINGLE (Flyball, 3D, EV 95.0 MPH)
Francisco León to second
Batting: RHB Ismael Mongelos 0-0: Fly out, F6 (Popup, P, EV 78.1 MPH)
Batting: LHB Michael Gibson 0-0: Ball
1-0: Ball
2-0: Ball
3-0: Called Strike
3-1: Called Strike
3-2: Strikes out swinging
Bottom of the 4th over - 1 run, 3 hits, 0 errors, 2 left on base; Quebec City 3 - Hudsonville 1
TOP OF THE 5TH
Quebec City Baby Blues batting - Pitching for Hudsonville Flanderses : RHP Morgan Cartier
Batting: LHB Hernando Martínez 0-0: Ball
1-0: Ball
2-0: Foul Ball, location: 2F
2-1: Ball
3-1: Base on Balls
Batting: RHB Mibre Chipley 0-0: Ball
1-0: Sac Bunt to 2L - play at first, batter OUT! 2-4
Hernando Martínez to second
Batting: LHB Sasha Mamchenko 0-0: Swinging Strike
0-1: Ball
1-1: Ground out U3 (Groundball, 3, EV 93.1 MPH)
Hernando Martínez to third
Batting: SHB Nathan Wilson 0-0: Ball
1-0: Foul Ball, location: 2F
1-1: Swinging Strike
1-2: Fly out, F8 (Flyball, 78D, EV 110.0 MPH)
Top of the 5th over - 0 runs, 0 hits, 0 errors, 1 left on base; Quebec City 3 - Hudsonville 1
BOTTOM OF THE 5TH
Hudsonville Flanderses batting - Pitching for Quebec City Baby Blues : RHP Jim McKee
Batting: RHB António Morales 0-0: Swinging Strike
0-1: Foul Ball, location: 2F
0-2: Strikes out swinging
Batting: LHB Andrew Brown 0-0: Ball
1-0: Called Strike
1-1: Foul Ball, location: 2F
1-2: Foul Ball, location: 2F
1-2: Foul Ball, location: 2F
1-2: Ball
2-2: Fly out, F7 (Flyball, 78D, EV 88.8 MPH)
Batting: LHB Ricardo Montalbán 0-0: Ball
1-0: Called Strike
1-1: Ball
2-1: Ball
3-1: Foul Ball, location: 2F
3-2: Ground out 4-3 (Groundball, 4M, EV 100.6 MPH)
Bottom of the 5th over - 0 runs, 0 hits, 0 errors, 0 left on base; Quebec City 3 - Hudsonville 1
TOP OF THE 6TH
Quebec City Baby Blues batting - Pitching for Hudsonville Flanderses : RHP Morgan Cartier
Batting: RHB Iván Vega 0-0: Called Strike
0-1: Swinging Strike
0-2: Ball
1-2: Strikes out looking
Batting: RHB John Harris 0-0: Called Strike
0-1: SINGLE (Line Drive, 9LS, EV 86.2 MPH)
Batting: RHB Tim Barrett 0-0: Ball
John Harris is caught stealing 2nd base 2-4
1-0: SINGLE (Line Drive, 56D, EV 101.9 MPH)
Batting: RHB Dong-hua Gan 0-0: Ball
1-0: Called Strike
Tim Barrett steals 2nd base
1-1: Ball
2-1: Fly out, F9 (Flyball, 89M, EV 77.5 MPH)
Top of the 6th over - 0 runs, 2 hits, 0 errors, 1 left on base; Quebec City 3 - Hudsonville 1
BOTTOM OF THE 6TH
Hudsonville Flanderses batting - Pitching for Quebec City Baby Blues : RHP Jim McKee
Batting: RHB Norberto Álvarez 0-0: Ball
1-0: Ball
2-0: SINGLE (Line Drive, 4MD, EV 103.1 MPH)
Batting: RHB Armando Alonso 0-0: Ball
1-0: Foul Ball, location: 2F
1-1: Grounds into double play, 5-4-3 (Groundball, 25, EV 88.1 MPH)
Batting: LHB Francisco León 0-0: Ball
1-0: Ball
2-0: Called Strike
2-1: Swinging Strike
2-2: Foul Ball, location: 2F
2-2: Strikes out swinging
Bottom of the 6th over - 0 runs, 1 hit, 0 errors, 0 left on base; Quebec City 3 - Hudsonville 1
TOP OF THE 7TH
Quebec City Baby Blues batting - Pitching for Hudsonville Flanderses : RHP Morgan Cartier
Batting: RHB António López 0-0: Foul Ball, location: 2F
0-1: Foul Ball, location: 2F
0-2: Ball
1-2: Strikes out swinging
Batting: LHB Hernando Martínez 0-0: Ball
1-0: Ball
2-0: Ball
3-0: Called Strike
3-1: Foul Ball, location: 2F
3-2: Strikes out swinging
Batting: RHB Mibre Chipley 0-0: Called Strike
0-1: SINGLE (Groundball, 56D, EV 105.0 MPH)
Batting: LHB Sasha Mamchenko 0-0: Ball
1-0: Called Strike
1-1: Fly out, F9 (Flyball, 9LM, EV 98.8 MPH)
Top of the 7th over - 0 runs, 1 hit, 0 errors, 1 left on base; Quebec City 3 - Hudsonville 1
BOTTOM OF THE 7TH
Hudsonville Flanderses batting - Pitching for Quebec City Baby Blues : RHP Jim McKee
Batting: RHB Jen-ta Wu 0-0: Ball
1-0: Ball
2-0: Ball
3-0: Called Strike
3-1: Foul Ball, location: 2F
3-2: Base on Balls
Batting: RHB Ismael Mongelos 0-0: Ball
1-0: Ball
2-0: Ball
3-0: Base on Balls
Jen-ta Wu to second
Pitching: RHP Alejandro Macías
Batting: LHB Michael Gibson 0-0: Ball
1-0: Ball
2-0: Foul Ball, location: 2F
2-1: SINGLE (Line Drive, 4D, EV 103.1 MPH)
Jen-ta Wu to third
Ismael Mongelos to second
Runner from 3rd tries for Home, throw by CF and OUT! 8-2
Pinch Hitting: LHB Jorge Villarreal 0-0: Ball
1-0: Ball
2-0: Foul Ball, location: 2F
2-1: Ball
3-1: Fielders Choice at 2nd, 4-6 (Groundball, 4, EV 90.6 MPH)
Ismael Mongelos to third
Batting: LHB Andrew Brown 0-0: Ball
1-0: Called Strike
1-1: Foul Ball, location: 2F
1-2: Foul Ball, location: 2F
1-2: Ball
2-2: Fly out, F8 (Flyball, 8LM, EV 83.1 MPH)
Bottom of the 7th over - 0 runs, 1 hit, 0 errors, 2 left on base; Quebec City 3 - Hudsonville 1
TOP OF THE 8TH
Quebec City Baby Blues batting - Pitching for Hudsonville Flanderses : RHP Morgan Cartier
Pitching: RHP Vincente Pagán
Now at 2B: Carlo Delogu
Batting: SHB Nathan Wilson 0-0: Ball
1-0: Ball
2-0: Called Strike
2-1: Ball
3-1: Base on Balls
Batting: RHB Iván Vega 0-0: Ball
1-0: Swinging Strike
1-1: Fly out, F9 (Flyball, 9, EV 93.8 MPH)
Batting: RHB John Harris 0-0: Called Strike
0-1: Ball
1-1: Fly out, F8 (Flyball, 8RS, EV 86.9 MPH)
Batting: RHB Tim Barrett 0-0: Foul Ball, location: 2F
0-1: Hit by Pitch
Nathan Wilson to second
Batting: RHB Dong-hua Gan 0-0: Called Strike
0-1: Ball
1-1: Foul Ball, location: 2F
1-2: Fielders Choice at 2nd, 6-4 (Groundball, 6D, EV 80.0 MPH)
Top of the 8th over - 0 runs, 0 hits, 0 errors, 2 left on base; Quebec City 3 - Hudsonville 1
BOTTOM OF THE 8TH
Hudsonville Flanderses batting - Pitching for Quebec City Baby Blues : RHP Alejandro Macías
Batting: LHB Ricardo Montalbán 0-0: Called Strike
0-1: Foul Ball, location: 2F
0-2: Ground out 4-3 (Groundball, 34D, EV 90.6 MPH)
Batting: RHB Norberto Álvarez 0-0: Called Strike
0-1: Reached on error, E5 (Groundball, 56, EV 108.1 MPH)
Batting: RHB Armando Alonso 0-0: Ball
1-0: Foul Ball, location: 2F
1-1: Ball
2-1: Swinging Strike
2-2: Ground out 6-3 (Groundball, 6, EV 90.6 MPH)
Batting: LHB Francisco León 0-0: Ball
1-0: Ball
2-0: Ball
Wild Pitch!
Norberto Álvarez to third
3-0: Called Strike
3-1: Base on Balls
Pitching: RHP Silvian Esser
Batting: RHB Jen-ta Wu 0-0: Fly out, F7 (Flyball, 7S, EV 81.9 MPH)
Bottom of the 8th over - 0 runs, 0 hits, 1 error, 2 left on base; Quebec City 3 - Hudsonville 1
TOP OF THE 9TH
Quebec City Baby Blues batting - Pitching for Hudsonville Flanderses : RHP Vincente Pagán
Batting: RHB António López 0-0: Ground out 3-1 (Groundball, 34, EV 81.2 MPH)
Batting: LHB Hernando Martínez 0-0: Ball
1-0: Foul Ball, location: 2F
1-1: Called Strike
1-2: Hit by Pitch
Batting: RHB Mibre Chipley 0-0: Ball
1-0: Ground out 5-3 (Groundball, 56, EV 105.0 MPH)
Hernando Martínez to second
Batting: LHB Sasha Mamchenko 0-0: SINGLE (Groundball, 4MD, EV 105.6 MPH)
Hernando Martínez to third
Runner from 3rd tries for Home, SAFE, throw by CF to home
Sasha Mamchenko to second
Batting: SHB Nathan Wilson 0-0: Ball
1-0: Swinging Strike
1-1: Ball
2-1: Ball
3-1: Base on Balls
Batting: RHB Iván Vega 0-0: Fly out, F8 (Line Drive, 8LM, EV 106.9 MPH)
Top of the 9th over - 1 run, 1 hit, 0 errors, 2 left on base; Quebec City 4 - Hudsonville 1
BOTTOM OF THE 9TH
Hudsonville Flanderses batting - Pitching for Quebec City Baby Blues : RHP Silvian Esser
Pitching: RHP Edgard Mendoza
Batting: RHB Ismael Mongelos 0-0: Ball
1-0: Called Strike
1-1: Ball
2-1: Ball
3-1: Base on Balls
Batting: LHB Michael Gibson 0-0: Called Strike
0-1: Ball
1-1: Foul Ball, location: 2F
1-2: Foul Ball, location: 2F
1-2: Ball
2-2: Strikes out swinging
Batting: SHB Carlo Delogu 0-0: Called Strike
0-1: Ground out 4-3 (Groundball, 34D, EV 108.1 MPH)
Ismael Mongelos to second
Batting: LHB Andrew Brown 0-0: Foul Ball, location: 2F
0-1: Ball
1-1: Ball
2-1: Foul Ball, location: 2F
2-2: Ground out 1-3 (Groundball, 15S, EV 76.9 MPH)
Bottom of the 9th over - 0 runs, 0 hits, 0 errors, 1 left on base; Quebec City 4 - Hudsonville 1
Monday, October 31st , 2022 - OOTP Baseball 22.12 Build 89